[Event "Titled Tuesday Blitz September 27 Late 2022"]
[White "Ponce Cano, Adrian"]
[Black "Mikhailov, Viacheslav"]
[WhiteFideId "22296913"]
[BlackFideId "4187369"]
[WhiteElo "2285"]
[BlackElo "2381"]
[Result "0-1"]
[Round "02"]
[TimeControl "180+1"]
[Date "2022.09.28"]
[WhiteClock "0:00:02"]
[BlackClock "0:00:14"]

1. e4 d6 2. Nf3 Nf6 3. c3 g6 4. Be2 Bg7 5. O-O O-O 6. Qc2 c5 7. d4 cxd4 8. cxd4 Bg4 9. Be3 Nc6 10. Nc3 Rc8 11. Qb3 Nd7 12. Qxb7 Bxf3 13. Bxf3 Nxd4 14. Bg4 Rc7 15. Qa6 Nc5 16. Qa5 Nc2 17. Rad1 Nxe3 18. fxe3 Bxc3 19. Qxc3 Nd7 20. Qd4 Ne5 21. Be2 Qb8 22. Rd2 Rfc8 23. h3 Rc5 24. b4 Nc6 25. Qa1 Qxb4 26. Qd1 Ne5 27. Rd4 Qa3 28. Qe1 Qxe3+ 29. Qf2 Qxf2+ 30. Kxf2 Ra5 31. a4 Rc2 32. Rb1 Ra2 33. Rb8+ Kg7 34. Rb7 Kf6 35. Ke3 Ra3+ 36. Kf2 R3xa4 37. Rxa4 Rxa4 38. Ke3 Ra3+ 39. Kf2 a5 40. Ra7 Ra1 41. Bb5 h5 42. Kg3 g5 43. Kh2 h4 44. Ra6 Ra2 45. Kg1 Ng6 46. Bc4 Ra1+ 47. Kf2 Nf4 48. Kf3 Ra3+ 49. Kf2 Ra4 50. Bf1 Ra2+ 51. Kf3 a4 52. Bc4 Ra1 53. Kg4 Nxg2 54. e5+ Kxe5 55. Bxf7 Kf6 56. Bg8 Ra3 57. Ra5 Nf4 58. Rf5+ Kg7 59. Rxg5+ Ng6 0-1


[Site "https://www.chess.com"]

[Event "Titled Tuesday Blitz September 27 Late 2022"]
[White "Romanchuk, Viktor"]
[Black "Jobava, Baadur"]
[WhiteFideId "14109271"]
[BlackFideId "13601520"]
[WhiteElo "2242"]
[BlackElo "2582"]
[Result "0-1"]
[Round "02"]
[TimeControl "180+1"]
[Date "2022.09.27"]
[WhiteClock "0:00:52"]
[BlackClock "0:01:18"]

1. d4 Nf6 2. c4 c5 3. Nf3 e6 4. Nc3 d5 5. e3 cxd4 6. exd4 Be7 7. Bd3 dxc4 8. Bxc4 Nc6 9. O-O O-O 10. a3 h6 11. Be3 Bd6 12. Qd3 Ne7 13. Rad1 Bd7 14. Ne5 Bc6 15. Ba2 Nf5 16. Rfe1 Nxe3 17. Rxe3 Bxe5 18. dxe5 Ng4 19. Re2 Qg5 20. Qg3 Rad8 21. Rde1 Rd4 22. h3 h5 23. Ne4 Bxe4 24. Rxe4 Rxe4 0-1


[Site "https://www.chess.com"]

[Event "Titled Tuesday Blitz September 27 Late 2022"]
[White "Rustemov, Alexander"]
[Black "Fiorito, Joaquin"]
[WhiteFideId "4119002"]
[BlackFideId "180173"]
[WhiteElo "2849"]
[BlackElo "1758"]
[Result "1-0"]
[Round "02"]
[TimeControl "180+1"]
[Date "2022.09.27"]
[WhiteClock "0:00:07"]
[BlackClock "0:00:05"]

1. d4 d5 2. c4 c6 3. Nc3 Nf6 4. e3 e6 5. Nf3 Nbd7 6. Qc2 Bd6 7. b3 O-O 8. Be2 Qe7 9. O-O b6 10. Bb2 Bb7 11. Rad1 Rfe8 12. Rfe1 Rad8 13. g3 a6 14. e4 dxe4 15. Nxe4 Nxe4 16. Qxe4 Nf6 17. Qe3 c5 18. Bf1 cxd4 19. Bxd4 Ng4 20. Qe2 Bb4 21. Bxb6 Bxe1 22. Rxe1 Rc8 23. Bg2 Qb4 24. c5 e5 25. h3 Nf6 26. Qd2 Qxd2 27. Nxd2 Bxg2 28. Kxg2 Nd5 29. Nc4 Re6 30. Rd1 Nxb6 31. Nxb6 Rb8 32. b4 g6 33. Kf3 Kg7 34. Ke3 Rc6 35. Rd5 f6 36. a4 Rbxb6 37. cxb6 Rxb6 38. b5 axb5 39. axb5 Kf7 40. Kd3 Ke6 41. Kc4 f5 42. Rc5 h5 43. h4 e4 44. Rc6+ Rxc6+ 45. bxc6 Kd6 46. Kd4 Kxc6 47. Ke5 Kd7 48. Kf6 Kd6 49. Kxg6 Ke5 50. Kxh5 f4 51. Kg4 fxg3 52. Kxg3 Kf5 53. h5 Kg5 54. h6 Kxh6 55. Kf4 Kh5 56. Kxe4 Kg5 57. Ke5 Kg4 58. f4 Kh5 59. Ke6 1-0


[Site "https://www.chess.com"]

[Event "Titled Tuesday Blitz September 27 Late 2022"]
[White "Saraci, Nderim"]
[Black "Wadsworth, Matthew J"]
[WhiteFideId "6351921"]
[BlackFideId "415804"]
[WhiteElo "2553"]
[BlackElo "2294"]
[Result "1-0"]
[Round "02"]
[TimeControl "180+1"]
[Date "2022.09.27"]
[WhiteClock "0:01:33"]
[BlackClock "0:00:20"]

1. b3 e5 2. Bb2 Nc6 3. e3 Nf6 4. c4 d5 5. cxd5 Nxd5 6. Nc3 Be6 7. Nf3 Bd6 8. Ne4 O-O 9. Bc4 h6 10. O-O f5 11. Nc3 Be7 12. Nxd5 Bxd5 13. Nxe5 Bxc4 14. Nxc4 Qd3 15. Rc1 Rad8 16. Bc3 Bf6 17. Qf3 g6 18. h3 Kg7 19. Nb2 Qe4 20. Rfd1 Ne5 21. Bxe5 Bxe5 22. Nc4 Qxf3 23. gxf3 Bf6 24. Na5 b6 25. Rxc7+ Rf7 26. Rxf7+ Kxf7 27. Nc4 b5 28. Na3 a6 29. Nc2 Rc8 30. Ne1 Ke6 31. Kf1 Kd5 32. Ke2 g5 33. d4 Be7 34. Rd2 Rc1 35. Rd1 Rc8 36. Nd3 a5 37. Rc1 Rg8 38. Rc7 Bd6 39. Ra7 Rc8 40. Rxa5 Rc2+ 41. Kd1 1-0


[Site "https://www.chess.com"]

[Event "Titled Tuesday Blitz September 27 Late 2022"]
[White "Sargsyan, Anna M."]
[Black "Nakamura, Hikaru"]
[WhiteFideId "13308130"]
[BlackFideId "2016192"]
[WhiteElo "2271"]
[BlackElo "2850"]
[Result "0-1"]
[Round "02"]
[TimeControl "180+1"]
[Date "2022.09.27"]
[WhiteClock "0:00:10"]
[BlackClock "0:00:18"]

1. d4 g6 2. g3 Bg7 3. Bg2 d6 4. Nf3 Nf6 5. O-O Bd7 6. c4 Qc8 7. Re1 Bh3 8. Bh1 c5 9. Nc3 O-O 10. b3 Nc6 11. d5 Nd4 12. Bb2 Ng4 13. Nxd4 Bxd4 14. e3 Qf5 15. Qf3 Qxf3 16. Bxf3 Bg7 17. Be2 a6 18. e4 Rfb8 19. a4 Nf6 20. f3 Nd7 21. g4 Bd4+ 22. Kh1 Nf6 23. Nd1 Bxb2 24. Nxb2 h5 25. g5 Ne8 26. Kg1 Bd7 27. Kf2 Nc7 28. Ke3 b5 29. axb5 axb5 30. Kd2 Kg7 31. Kc2 f6 32. Rxa8 Rxa8 33. gxf6+ Kxf6 34. Rg1 e5 35. Kb1 h4 36. Nd1 b4 37. Ne3 Ne8 38. Ng4+ Bxg4 39. Rxg4 g5 40. Rg1 Ng7 41. Kb2 Nh5 42. Bd1 Nf4 43. Bc2 Ne2 44. Rg2 Nd4 45. Rg1 Kg6 46. Rf1 Rf8 47. Bd1 Rf4 48. Rg1 Nxf3 49. Bxf3 Rxf3 50. Rg2 Rf4 51. Re2 g4 52. Rg2 Kg5 53. Re2 g3 54. hxg3 hxg3 0-1


[Site "https://www.chess.com"]

[Event "Titled Tuesday Blitz September 27 Late 2022"]
[White "Shivakumar, Shawnak"]
[Black "Matinian, Nikita"]
[WhiteFideId "30940192"]
[BlackFideId "24129100"]
[WhiteElo "1711"]
[BlackElo "2422"]
[Result "1/2-1/2"]
[Round "02"]
[TimeControl "180+1"]
[Date "2022.09.28"]
[WhiteClock "0:00:17"]
[BlackClock "0:00:07"]

1. c4 e5 2. Nc3 Nf6 3. Nf3 Nc6 4. e3 Bb4 5. Qc2 O-O 6. Nd5 d6 7. Bd3 g6 8. a3 Bc5 9. b4 Bb6 10. Nxf6+ Qxf6 11. Bb2 Bg4 12. Be2 Qe7 13. d3 f5 14. h3 Bxf3 15. Bxf3 a5 16. b5 Nd8 17. O-O Rb8 18. c5 Bxc5 19. d4 Bb6 20. dxe5 dxe5 21. Bd5+ Nf7 22. Rad1 Rfe8 23. Qb3 h5 24. Bxe5 Rbd8 25. Bc4 Rxd1 26. Rxd1 Kf8 27. Bb2 Ne5 28. Bxe5 Qxe5 29. Rd7 Re7 30. Rd8+ Re8 31. Qd1 Qf6 32. Rd7 Re7 33. Qd5 Rxd7 34. Qxd7 Qa1+ 35. Kh2 Qe5+ 36. f4 Qe7 37. Qc8+ Kg7 38. Qg8+ Kh6 39. Qh8+ Qh7 40. Qd8 Qg7 41. Bg8 g5 42. Qe8 gxf4 43. Qe6+ Qg6 44. exf4 Qxe6 45. Bxe6 Kg6 46. Bc8 Bc5 47. a4 b6 48. Be6 h4 49. g4 hxg3+ 50. Kxg3 Kf6 51. Bd5 Bb4 52. Kf3 Be1 53. Ke2 Bh4 54. Kd3 Ke7 55. Kd4 Kd6 56. Bb3 Bf2+ 57. Kd3 Bg3 58. Ke3 Bh4 59. Bc2 Ke6 60. Bb3+ Kf6 61. Bc2 Ke6 62. Bb3+ Kf6 63. Bc2 Ke6 1/2-1/2


[Site "https://www.chess.com"]

[Event "Titled Tuesday Blitz September 27 Late 2022"]
[White "Suder, Jakub"]
[Black "Beerdsen, Thomas"]
[WhiteFideId "1195310"]
[BlackFideId "1030108"]
[WhiteElo "2174"]
[BlackElo "2567"]
[Result "0-1"]
[Round "02"]
[TimeControl "180+1"]
[Date "2022.09.27"]
[WhiteClock "0:00:20"]
[BlackClock "0:01:32"]

1. d4 h6 2. e4 g5 3. h4 g4 4. Qxg4 d5 5. Qe2 dxe4 6. Qxe4 Nf6 7. Qd3 Nc6 8. c3 Qd5 9. Nd2 Bf5 10. Qc4 O-O-O 11. Qxd5 Nxd5 12. g3 e5 13. dxe5 Nxe5 14. Ngf3 Nd3+ 15. Bxd3 Bxd3 16. Nd4 Bg7 17. N2b3 Rhe8+ 18. Kd1 b6 19. Re1 c5 20. Rxe8 Rxe8 21. Nc2 a5 22. Ne3 Nf6 23. Bd2 Ne4 24. Ke1 a4 25. Nc1 Ba6 26. Ne2 Rd8 27. Rd1 a3 28. bxa3 Re8 29. c4 b5 30. Rc1 bxc4 31. Nc3 Bxc3 32. Bxc3 Nxg3 33. fxg3 Rxe3+ 34. Kf2 Rd3 35. a4 Bb7 36. a5 Rf3+ 37. Ke2 Rxg3 38. Rf1 Rxc3 0-1


[Site "https://www.chess.com"]

[Event "Titled Tuesday Blitz September 27 Late 2022"]
[White "Svane, Rasmus"]
[Black "Yurovskykh, Oleksandr"]
[WhiteFideId "4657101"]
[BlackFideId "14134020"]
[WhiteElo "2674"]
[BlackElo "2303"]
[Result "1-0"]
[Round "02"]
[TimeControl "180+1"]
[Date "2022.09.27"]
[WhiteClock "0:00:09"]
[BlackClock "0:00:03"]

1. Nf3 d5 2. g3 c6 3. Bg2 Bg4 4. O-O Nd7 5. h3 Bh5 6. d4 e6 7. c4 Ngf6 8. cxd5 cxd5 9. Qb3 Qb6 10. Nc3 Be7 11. Ne5 O-O 12. g4 Bg6 13. g5 Qxb3 14. axb3 Nxe5 15. gxf6 Bxf6 16. dxe5 Bxe5 17. f4 Bd4+ 18. e3 Bf6 19. f5 Bxf5 20. Nxd5 Bd8 21. e4 Bg6 22. Nf4 Bb6+ 23. Kh2 Rac8 24. Nxg6 hxg6 25. Bd2 Rc2 26. Bc3 f6 27. Rac1 Re2 28. Rfe1 Rf2 29. Kh1 e5 30. Rcd1 Bd4 31. Bxd4 exd4 32. Rxd4 Rxb2 33. e5 fxe5 34. Rxe5 Rff2 35. Rg4 Rb1+ 36. Kh2 Rxb3 37. Rxg6 Rbb2 38. Re7 Kf8 39. Rexg7 a5 40. Kg1 Rfd2 41. h4 a4 42. Rg3 b5 43. h5 Rd1+ 44. Kh2 Rd6 45. Rh7 b4 46. h6 a3 47. Rh8+ Ke7 48. Rg7+ Kf6 49. Rf8+ Ke5 50. Rg5+ Kd4 51. Rf4+ Ke3 52. Rh4 a2 53. h7 a1=Q 54. h8=Q Rxg2+ 55. Rxg2 Qxh8 56. Rxh8 Rb6 57. Rh3+ Kf4 58. Rb2 Ke4 59. Rh4+ Kd3 60. Rhxb4 Rc6 61. R4b3+ Kc4 62. Rc2+ Kxb3 63. Rxc6 1-0


[Site "https://www.chess.com"]

[Event "Titled Tuesday Blitz September 27 Late 2022"]
[White "Tari, Aryan"]
[Black "Tologon tegin, Semetei"]
[WhiteFideId "1510045"]
[BlackFideId "13800574"]
[WhiteElo "2612"]
[BlackElo "2174"]
[Result "1-0"]
[Round "02"]
[TimeControl "180+1"]
[Date "2022.09.27"]
[WhiteClock "0:00:30"]
[BlackClock "0:00:24"]

1. c4 e5 2. Nc3 Nf6 3. Nf3 Nc6 4. e3 Bb4 5. Qc2 d6 6. Ne2 O-O 7. Ng3 Re8 8. a3 Bc5 9. b4 Bb6 10. Bb2 a5 11. b5 Ne7 12. Bd3 Ng6 13. O-O a4 14. h3 c6 15. bxc6 bxc6 16. Ng5 Bd7 17. Bf5 d5 18. c5 Bc7 19. Bxd7 Nxd7 20. Nf3 e4 21. Nd4 Nde5 22. Ndf5 Qd7 23. Bd4 Re6 24. Rab1 Rf6 25. Nxg7 Kxg7 26. Nh5+ Kh6 27. Nxf6 Qf5 28. f4 Qxf6 29. fxe5 Qg5 30. Rxf7 Bxe5 31. Rbf1 Rg8 32. Bxe5 Nxe5 33. R7f6+ Rg6 34. Rxg6+ hxg6 35. Qd1 Qg3 36. Kh1 Nf3 37. Rxf3 exf3 38. Qxf3 Qe1+ 39. Kh2 Qxd2 40. Qf4+ Kh7 41. Qf7+ Kh6 42. Qf8+ Kh7 43. Qe7+ Kh6 44. Qh4+ Kg7 45. Qd4+ Qxd4 46. exd4 Kf6 47. g4 g5 48. Kg3 Kf7 49. h4 Kg6 50. hxg5 Kxg5 51. Kf3 Kg6 52. Kf4 Kf6 53. g5+ Kg6 54. Kg4 Kg7 55. Kf5 Kf7 56. g6+ Kg7 57. Kg5 Kg8 58. Kf6 Kf8 59. Ke6 Kg7 60. Kd6 Kxg6 61. Kxc6 Kf5 62. Kxd5 1-0


[Site "https://www.chess.com"]

[Event "Titled Tuesday Blitz September 27 Late 2022"]
[White "Turayev, Shahruh"]
[Black "Yoo, Christopher Woojin"]
[WhiteFideId "14003856"]
[BlackFideId "30909694"]
[WhiteElo "2614"]
[BlackElo "2105"]
[Result "0-1"]
[Round "02"]
[TimeControl "180+1"]
[Date "2022.09.27"]
[WhiteClock "0:00:11"]
[BlackClock "0:00:11"]

1. e4 c5 2. Nc3 Nc6 3. Bb5 Nd4 4. Bc4 e6 5. Nge2 Nf6 6. O-O d6 7. d3 Be7 8. f4 O-O 9. Ng3 d5 10. Bb3 b5 11. a4 b4 12. Nce2 Nxb3 13. cxb3 dxe4 14. dxe4 Ba6 15. f5 e5 16. Bg5 Qc7 17. Bxf6 Bxf6 18. Nh5 Bg5 19. Rf3 g6 20. Rg3 Rad8 21. Qf1 h6 22. Qf3 Rd2 23. Rxg5 hxg5 24. Qe3 Qd6 25. Qxg5 Rd1+ 26. Kf2 Bxe2 27. Nf6+ Kg7 28. Nh5+ Bxh5 29. Rxd1 Qxd1 30. Qf6+ Kxf6 0-1


[Site "https://www.chess.com"]

[Event "Titled Tuesday Blitz September 27 Late 2022"]
[White "Van Foreest, Jorden"]
[Black "Popilski, Gil"]
[WhiteFideId "1039784"]
[BlackFideId "2809060"]
[WhiteElo "2649"]
[BlackElo "2537"]
[Result "1-0"]
[Round "02"]
[TimeControl "180+1"]
[Date "2022.09.27"]
[WhiteClock "0:02:32"]
[BlackClock "0:01:12"]

1. e4 e5 2. Nf3 Nf6 3. Nxe5 d6 4. Nf3 Nxe4 5. c4 Be7 6. d4 d5 7. Bd3 Bb4+ 8. Nbd2 O-O 9. O-O Nxd2 10. Bxd2 Bxd2 11. Qxd2 Nc6 12. h3 Be6 13. c5 a6 14. Rfe1 Qf6 15. Ne5 Nxd4 16. Bxh7+ Kxh7 17. Qxd4 Rad8 18. Re3 Rfe8 19. Rae1 Bf5 20. Rf3 Qe6 21. Ree3 Be4 22. Nxf7 Qg6 23. Nxd8 Bxf3 24. Qh4+ Kg8 25. Rxe8+ Qxe8 26. gxf3 1-0


[Site "https://www.chess.com"]

[Event "Titled Tuesday Blitz September 27 Late 2022"]
[White "Vasquez Schroeder, Rodrigo"]
[Black "Shandrygin, Nikita"]
[WhiteFideId "3400042"]
[BlackFideId "24198668"]
[WhiteElo "2577"]
[BlackElo "2323"]
[Result "1-0"]
[Round "02"]
[TimeControl "180+1"]
[Date "2022.09.28"]
[WhiteClock "0:01:20"]
[BlackClock "0:00:03"]

1. d4 Nf6 2. Nf3 e6 3. e3 d5 4. Bd3 Be7 5. O-O O-O 6. b3 c5 7. Bb2 cxd4 8. exd4 Nc6 9. Nbd2 Qb6 10. a3 Rd8 11. Qe2 a5 12. Rab1 a4 13. b4 Bd7 14. Rfe1 Rac8 15. Ne5 Be8 16. Ndf3 Nxe5 17. dxe5 Ne4 18. Bd4 Qc6 19. c4 b5 20. c5 Qb7 21. Qe3 Bc6 22. h4 Rd7 23. Ng5 h6 24. Nf3 Rcd8 25. Rbc1 Bf8 26. Bb1 g6 27. h5 g5 28. Nh2 Bg7 29. Ng4 Re8 30. Kh2 Qc7 31. f3 f5 32. fxe4 dxe4 33. Kg1 fxg4 34. Bxe4 Rxd4 35. Qxd4 Bxe5 36. Qxe5 Qxe5 37. Bh7+ Kxh7 38. Rxe5 Bd5 39. Rd1 Rd8 40. Rxe6 1-0


[Site "https://www.chess.com"]

[Event "Titled Tuesday Blitz September 27 Late 2022"]
[White "Wieczorek, Oskar"]
[Black "Dounis, Alexandros"]
[WhiteFideId "1133950"]
[BlackFideId "4213238"]
[WhiteElo "2302"]
[BlackElo "2204"]
[Result "1/2-1/2"]
[Round "02"]
[TimeControl "180+1"]
[Date "2022.09.28"]
[WhiteClock "0:00:09"]
[BlackClock "0:00:17"]

1. e4 e5 2. Nf3 Nc6 3. Nc3 Nf6 4. h3 d5 5. exd5 Nxd5 6. Bb5 Nxc3 7. bxc3 Bd6 8. O-O O-O 9. d4 exd4 10. cxd4 Ne7 11. c4 Ng6 12. Re1 c6 13. Ba4 Qc7 14. Bc2 Bd7 15. c5 Bf4 16. Bxg6 fxg6 17. Re7 Rae8 18. Qb3+ Kh8 19. Bxf4 Rxf4 20. Rae1 Qd8 21. Rxe8+ Bxe8 22. Qxb7 Rf7 23. Qb3 Rf8 24. Qe6 Bf7 25. Qe7 Bxa2 26. Qxd8 Rxd8 27. Ra1 Bd5 28. Rxa7 Bxf3 29. gxf3 Kg8 30. Rc7 Rxd4 31. Rxc6 Kf7 32. Kf1 Rh4 33. Rd6 Ke7 34. Kg2 Rh5 35. Rc6 Kd7 36. Rd6+ Ke7 37. Rc6 Kd7 38. Ra6 Rxc5 39. f4 Ke7 40. f3 Rc1 41. Kg3 Rg1+ 42. Kf2 Rc1 43. h4 Rc7 44. Ra5 Kf7 45. Kg3 Rc6 46. Kg4 Kf6 47. Ra8 Rc1 48. Ra6+ Kf7 49. f5 Rg1+ 50. Kf4 gxf5 51. Kxf5 Rg3 52. Kf4 Rh3 53. Kg4 Rh1 54. h5 Rh2 55. Kg5 h6+ 56. Kg4 Rh1 57. Ra5 Rg1+ 58. Kf4 Rh1 59. Ra7+ Kf6 60. Ra6+ Kf7 61. Ra5 Rg1 62. Ra7+ Kg8 63. Ra8+ Kf7 64. Ra5 Rb1 65. Kg4 Rb4+ 66. f4 Rb7 67. Ra6 Rc7 68. Rb6 Rd7 69. Ra6 Rd1 70. Ra7+ Kg8 71. Ra8+ Kh7 72. Kh4 Rg1 73. Rb8 Rg2 74. Ra8 Rf2 75. Kg4 Rb2 76. Rc8 Rb5 77. Ra8 Rb7 78. Rc8 Ra7 79. Rb8 Rc7 80. Rd8 Rc6 81. Rb8 Rc5 82. Ra8 Rc4 83. Rb8 Rc1 84. Ra8 Rh1 85. Rb8 Rg1+ 86. Kh4 Rf1 87. Kg4 Rf2 88. Kg3 Rc2 89. Kg4 Rc7 90. Ra8 Rc2 91. Rb8 Rc7 1/2-1/2


[Site "https://www.chess.com"]

[Event "Titled Tuesday Blitz September 27 Late 2022"]
[White "Yi, Richard"]
[Black "Muradli, Mahammad"]
[WhiteFideId "2079518"]
[BlackFideId "13409301"]
[WhiteElo "2147"]
[BlackElo "2611"]
[Result "0-1"]
[Round "02"]
[TimeControl "180+1"]
[Date "2022.09.27"]
[WhiteClock "0:00:04"]
[BlackClock "0:00:04"]

1. c4 g6 2. d4 Bg7 3. e4 c5 4. d5 b5 5. cxb5 d6 6. Nc3 a6 7. a4 Nf6 8. f3 O-O 9. Bg5 Qa5 10. Ra3 Re8 11. Ne2 Nbd7 12. Nc1 Qc7 13. Qd2 Ne5 14. h3 Bb7 15. Be2 axb5 16. Nxb5 Qb6 17. O-O Rec8 18. Na2 Ba6 19. Nac3 Qa5 20. Qc2 c4 21. Rb1 Rab8 22. Be3 Nfd7 23. f4 Nd3 24. Bxd3 cxd3 25. Qxd3 Bxc3 26. bxc3 Nc5 27. Bxc5 Rxc5 28. c4 Rbc8 29. Qc3 Qb6 30. Kh2 Rxc4 31. Qf3 Qa5 32. Na7 Rc3 33. Rxc3 Rxc3 34. Qg4 Qxa4 35. Nc6 Qxe4 36. Rb8+ Kg7 37. Rb6 Bc4 38. Rb7 Bxd5 39. Rxe7 Qxg2+ 40. Qxg2 Bxg2 41. Nd4 Bxh3 42. Ne6+ Bxe6 43. Rc7 Rxc7 44. Kg3 Bf5 45. Kh4 Rc3 46. Kg5 f6+ 0-1


[Site "https://www.chess.com"]

[Event "Titled Tuesday Blitz September 27 Late 2022"]
[White "Zhang, Derek"]
[Black "Girel, Joseph"]
[WhiteFideId "2087871"]
[BlackFideId "36033561"]
[WhiteElo "2085"]
[BlackElo "2104"]
[Result "0-1"]
[Round "02"]
[TimeControl "180+1"]
[Date "2022.09.28"]
[WhiteClock "0:00:01"]
[BlackClock "0:00:08"]

1. Nf3 g6 2. c4 Bg7 3. Nc3 d6 4. d4 Nd7 5. e4 e5 6. d5 Ne7 7. g4 O-O 8. Rg1 Kh8 9. Be2 a5 10. Be3 b6 11. Qd2 Nc5 12. Bh6 f6 13. Bxg7+ Kxg7 14. h4 Bd7 15. O-O-O a4 16. Kb1 c6 17. Qe3 cxd5 18. Nxd5 Nxd5 19. cxd5 b5 20. Ne1 b4 21. Nd3 Nxd3 22. Bxd3 b3 23. a3 Qa5 24. Rc1 Rfc8 25. f3 Bb5 26. g5 fxg5 27. hxg5 Qa6 28. Bxb5 Qxb5 29. f4 exf4 30. Qxf4 Rxc1+ 31. Rxc1 Rf8 32. Qxd6 Qd3+ 33. Ka1 Qc2 34. Qc7+ Qxc7 35. Rxc7+ Kg8 36. Rc1 Re8 37. Re1 Re5 38. Kb1 Kf7 39. Kc1 Rxg5 40. e5 Ke7 41. d6+ Kd8 42. Kd2 h5 43. Kd3 h4 44. Kd4 Rg2 45. e6 Rd2+ 46. Kc5 h3 47. Kc6 Rc2+ 48. Kd5 Rd2+ 49. Ke5 h2 50. Rh1 Rxb2 0-1


[Site "https://www.chess.com"]

[Event "Titled Tuesday Blitz September 27 Late 2022"]
[White "Zhigalko, Sergei"]
[Black "Putnam, Liam"]
[WhiteFideId "13502956"]
[BlackFideId "30938279"]
[WhiteElo "2662"]
[BlackElo "2031"]
[Result "1-0"]
[Round "02"]
[TimeControl "180+1"]
[Date "2022.09.27"]
[WhiteClock "0:02:15"]
[BlackClock "0:00:03"]

1. e4 c5 2. Nf3 d6 3. d4 cxd4 4. Qxd4 Nf6 5. Nc3 a6 6. Bc4 Nc6 7. Qd3 Bg4 8. Bb3 g6 9. Bg5 Bg7 10. O-O-O O-O 11. h3 Bxf3 12. Qxf3 b5 13. h4 h5 14. Kb1 Ne5 15. Qe2 Rc8 16. f4 Nc4 17. e5 Ng4 18. exd6 Qa5 19. Bxc4 Rxc4 20. dxe7 Re8 21. Rd8 Rc8 22. Rxc8 Rxc8 23. e8=Q+ Rxe8 24. Qxe8+ Kh7 25. Qxf7 b4 26. Ne4 1-0


[Site "https://www.chess.com"]

[Event "Titled Tuesday Blitz September 27 Late 2022"]
[White "Adewumi, Tanitoluwa"]
[Black "Saraci, Nderim"]
[WhiteFideId "30966396"]
[BlackFideId "6351921"]
[WhiteElo "2590"]
[BlackElo "2553"]
[Result "0-1"]
[Round "03"]
[TimeControl "180+1"]
[Date "2022.09.27"]
[WhiteClock "0:00:02"]
[BlackClock "0:00:17"]

1. Nf3 d5 2. b3 b6 3. Bb2 Bb7 4. e3 Nf6 5. Be2 Nbd7 6. O-O g6 7. c4 dxc4 8. bxc4 c5 9. d4 cxd4 10. exd4 Bg7 11. Nbd2 O-O 12. Re1 Rc8 13. Qa4 Bc6 14. Qb3 Ne4 15. Nxe4 Bxe4 16. Rad1 Qc7 17. Ng5 Bb7 18. Ba3 Nf6 19. Bf3 Bxf3 20. Qxf3 Rfe8 21. c5 bxc5 22. Bxc5 e6 23. Rb1 Rb8 24. h3 h6 25. Ne4 Nxe4 26. Qxe4 Qd7 27. h4 h5 28. g3 Red8 29. Kg2 a5 30. Bb6 Rdc8 31. Bxa5 Rxb1 32. Rxb1 Qa4 33. Bb6 Qxa2 34. Bc5 Qc4 35. Qf3 e5 36. Qb7 Rd8 37. Qe7 Qd5+ 38. Kg1 exd4 39. Bb6 Rb8 0-1


[Site "https://www.chess.com"]

[Event "Titled Tuesday Blitz September 27 Late 2022"]
[White "Amburgy, Ryan"]
[Black "Przybylski, Wojciech"]
[WhiteFideId "30924820"]
[BlackFideId "1117599"]
[WhiteElo "2066"]
[BlackElo "2133"]
[Result "1/2-1/2"]
[Round "03"]
[TimeControl "180+1"]
[Date "2022.09.28"]
[WhiteClock "0:00:12"]
[BlackClock "0:00:07"]

1. d4 Nf6 2. c4 c6 3. Nc3 d5 4. cxd5 cxd5 5. Bf4 a6 6. e3 e6 7. Bd3 Be7 8. h3 Bd7 9. Nf3 O-O 10. O-O Nc6 11. Rc1 b5 12. Qe2 Na5 13. Ne5 Rc8 14. g4 Nc4 15. g5 Ne8 16. h4 f5 17. Kg2 b4 18. Nb1 Bb5 19. Nd2 Ned6 20. b3 Nxd2 21. Qxd2 Ne4 22. Qe2 Nc3 23. Qd2 Ne4 24. Qb2 Rxc1 25. Rxc1 Nc3 26. a4 Bxd3 27. Nxd3 a5 28. f3 Bd6 29. Rh1 Bxf4 30. Nxf4 Qd6 31. Nd3 Qe7 32. Qf2 Rc8 33. Rc1 Qd6 34. Ne5 Rc7 35. Qf1 Qb6 36. Qd3 Kf8 37. h5 Kg8 38. g6 h6 39. Rc2 Kf8 40. f4 Qd6 41. Nf3 Ke8 42. Nd2 Kd8 43. Nf3 Qb6 44. Nd2 Kc8 45. Nf3 Kb7 46. Ne5 Rc8 47. Nf7 Rc7 48. Ne5 Qd6 49. Nf7 Qe7 50. Ne5 Qh4 51. Rxc3 bxc3 52. Qb5+ Kc8 53. Qa6+ Kb8 54. Qb6+ Kc8 55. Qa6+ Kd8 56. Qd6+ Kc8 57. Qxe6+ Kb7 58. Qxd5+ Kb8 59. Qg8+ Kb7 60. Qd5+ Kb8 61. Qb5+ Kc8 62. Qa6+ Kb8 63. Qb6+ Kc8 64. Qa6+ Kb8 65. Nc6+ Rxc6 66. Qxc6 Qg4+ 67. Kf2 Qh4+ 68. Ke2 Qh2+ 69. Kd3 Qd2+ 70. Kc4 c2 71. Qb6+ Kc8 72. Qc6+ Kb8 73. Qb6+ Kc8 74. Qc6+ Kd8 75. Qd6+ Kc8 76. Qc6+ 1/2-1/2


[Site "https://www.chess.com"]

[Event "Titled Tuesday Blitz September 27 Late 2022"]
[White "Andreikin, Dmitry"]
[Black "Matinian, Nikita"]
[WhiteFideId "4158814"]
[BlackFideId "24129100"]
[WhiteElo "2736"]
[BlackElo "2422"]
[Result "1/2-1/2"]
[Round "03"]
[TimeControl "180+1"]
[Date "2022.09.28"]
[WhiteClock "0:00:07"]
[BlackClock "0:00:11"]

1. d4 Nf6 2. Bf4 g6 3. Nc3 d5 4. Nb5 Na6 5. e3 c6 6. Nc3 Bg7 7. h3 Nc7 8. Nf3 O-O 9. Bd3 Bf5 10. Bxf5 gxf5 11. g4 Ne6 12. Be5 f4 13. exf4 Ne4 14. f5 Nxc3 15. bxc3 Bxe5 16. Nxe5 f6 17. Nd3 Ng5 18. h4 Ne4 19. Nf4 Qa5 20. Rh3 b5 21. Ne6 Nxc3 22. Qd2 b4 23. Qh6 Rf7 24. g5 b3 25. g6 b2 26. gxf7+ Kxf7 27. Qh5+ Kg8 28. Qg4+ Kf7 29. Qh5+ Kg8 30. Qg4+ Kf7 31. Qh5+ 1/2-1/2


[Site "https://www.chess.com"]

[Event "Titled Tuesday Blitz September 27 Late 2022"]
[White "Babazada, Khazar"]
[Black "Ekdyshman, Mikhail"]
[WhiteFideId "13413554"]
[BlackFideId "4149416"]
[WhiteElo "2409"]
[BlackElo "2146"]
[Result "1-0"]
[Round "03"]
[TimeControl "180+1"]
[Date "2022.09.28"]
[WhiteClock "0:00:15"]
[BlackClock "0:00:03"]

1. Nf3 c5 2. g3 g6 3. Bg2 Bg7 4. O-O Nc6 5. d3 Nf6 6. Nc3 O-O 7. Bd2 Rb8 8. a3 b5 9. e4 d6 10. Rb1 a5 11. Qc1 b4 12. Nd1 Nd4 13. Nxd4 cxd4 14. axb4 axb4 15. b3 Nd7 16. Nb2 Nc5 17. Ra1 Bg4 18. Na4 Qc8 19. Qb2 Bh3 20. Bxh3 Qxh3 21. Nxc5 dxc5 22. Ra7 Rb5 23. Rxe7 c4 24. bxc4 Rh5 25. Re1 Qxh2+ 26. Kf1 Rb8 27. Bf4 Ra8 28. Ke2 Rha5 29. Qxb4 Qh5+ 30. Kd2 Bf8 31. Qb7 Ra1 32. Rxf7 Rxe1 33. Rxf8+ Rxf8 34. Kxe1 Qa5+ 35. Ke2 Qh5+ 36. Kd2 Qa5+ 37. Kd1 Qh5+ 38. Kc1 Qa5 39. Qd5+ Qxd5 40. exd5 Kf7 41. Kd2 Re8 42. c5 Ke7 43. Be5 Rf8 44. Bxd4 Rf5 45. c4 h5 46. Be3 g5 47. c6 h4 48. gxh4 gxh4 49. Bc5+ Kd8 50. Bb6+ Kc8 51. d6 Rf7 52. d7+ Rxd7 53. cxd7+ Kxd7 54. f4 Ke6 55. Bg1 Kf5 56. Bh2 Kg4 57. f5 Kh3 58. f6 Kxh2 59. f7 h3 60. f8=Q Kh1 61. Qh8 h2 62. Ke2 Kg1 1-0


[Site "https://www.chess.com"]

[Event "Titled Tuesday Blitz September 27 Late 2022"]
[White "Bacrot, Etienne"]
[Black "Korchmar, Vasiliy"]
[WhiteFideId "605506"]
[BlackFideId "24131750"]
[WhiteElo "2666"]
[BlackElo "2370"]
[Result "1-0"]
[Round "03"]
[TimeControl "180+1"]
[Date "2022.09.27"]
[WhiteClock "0:00:53"]
[BlackClock "0:00:06"]

1. e4 c5 2. Nf3 d6 3. Bb5+ Nd7 4. d4 cxd4 5. Qxd4 a6 6. Be2 Ngf6 7. O-O g6 8. Rd1 Bg7 9. Nc3 O-O 10. e5 dxe5 11. Nxe5 Qa5 12. Nc4 Qf5 13. a4 b6 14. Nxb6 Nxb6 15. Qxb6 Be6 16. Rd3 Rfb8 17. Qc6 h5 18. h3 Qa5 19. Bd2 Bf5 20. Nd5 Bxd3 21. Bxa5 Bxe2 22. Nxe7+ Kh7 23. Re1 1-0


[Site "https://www.chess.com"]